TOP OF THE 1ST |
Key West Barracudas batting - Pitching for Memphis Blues : LHP Daniel Roberts
|
Pitching: LHP Daniel Roberts
|
|
Batting: SHB Luis Manuel López
|
0-0: SINGLE (Groundball, 4MD)
|
Batting: SHB Héctor Jiménez
|
0-0: Ball Luis Manuel López is caught stealing 2nd base 1-0: Foul Ball, location: 2F 1-1: Ball 2-1: Called Strike 2-2: SINGLE (Line Drive, 4MD)
|
Batting: RHB Frederick Chamberlain
|
0-0: Ball 1-0: TRIPLE (Flyball, 89D) Héctor Jiménez scores
|
Batting: SHB Héctor Padilla
|
0-0: Ball 1-0: Fly out, F8 (Flyball, 78XD) Runner from 3rd tags up, SCORES, no throw
|
Batting: RHB Ramón Díaz
|
0-0: Ball 1-0: Foul Ball, location: 2F 1-1: Ground out 5-3 (Groundball, 56)
|
Top of the 1st over - 2 run(s), 3 hit(s), 0 error(s), 0 left on base; Key West 2 - Memphis 0 |
BOTTOM OF THE 1ST |
Memphis Blues batting - Pitching for Key West Barracudas : RHP Kade Coleman
|
Pitching: RHP Kade Coleman
|
|
Batting: LHB Pedro Ramos
|
0-0: Fly out, F8 (Line Drive, 8LD)
|
Batting: RHB Lorenzo Mota
|
0-0: Ball 1-0: Foul Ball, location: 2F 1-1: Ball 2-1: Ball 3-1: Called Strike 3-2: Foul Ball, location: 2F 3-2: Ground out 5-3 (Groundball, 56)
|
Batting: SHB Terry Dailey
|
0-0: Swinging Strike 0-1: Ball 1-1: Foul Ball, location: 2F 1-2: Ball 2-2: Strikes out swinging
|
Bottom of the 1st over - 0 run(s), 0 hit(s), 0 error(s), 0 left on base; Key West 2 - Memphis 0 |
TOP OF THE 2ND |
Key West Barracudas batting - Pitching for Memphis Blues : LHP Daniel Roberts
|
Batting: SHB Jacob Knapp
|
0-0: Ball 1-0: Ball 2-0: Ball 3-0: Called Strike 3-1: Fly out, F9 (Flyball, 89D)
|
Batting: RHB Anastasio Zartuche
|
0-0: Called Strike 0-1: Called Strike 0-2: Ball 1-2: SINGLE (Flyball, 8RS)
|
Batting: LHB Mauro Díaz
|
0-0: Foul Ball, location: 2F 0-1: Called Strike 0-2: Ball 1-2: Ball 2-2: Ground out 3-1 (Groundball, 34S) Anastasio Zartuche to second
|
Batting: RHB Júlio Cruz
|
0-0: Ball 1-0: Called Strike 1-1: Ball 2-1: Ground out 5-3 (Groundball, 56S)
|
Top of the 2nd over - 0 run(s), 1 hit(s), 0 error(s), 1 left on base; Key West 2 - Memphis 0 |
BOTTOM OF THE 2ND |
Memphis Blues batting - Pitching for Key West Barracudas : RHP Kade Coleman
|
Batting: RHB Peter Bishop
|
0-0: Swinging Strike 0-1: SINGLE (Flyball, 7LS)
|
Batting: RHB Jaime Spiridon
|
0-0: Ball 1-0: Ball 2-0: Ball 3-0: Called Strike 3-1: Swinging Strike 3-2: Base on Balls Peter Bishop to second
|
Batting: RHB Chase Mueller
|
0-0: Called Strike 0-1: Ball 1-1: Ball 2-1: Foul Ball, location: 2F 2-2: Strikes out swinging
|
Batting: RHB Roberto Gómez
|
0-0: Swinging Strike 0-1: Ball 1-1: Ball 2-1: Foul Ball, location: 2F 2-2: Ball 3-2: SINGLE (Line Drive, 6M) Peter Bishop to third Jaime Spiridon to second
|
Batting: RHB Emílio Bruno
|
0-0: Fly out, F8 (Flyball, 8RM) Runner from 3rd tags up, SCORES, no throw
|
Batting: RHB David Crespo
|
0-0: Ball 1-0: Foul Ball, location: 2F 1-1: Ball 2-1: Foul Ball, location: 2F 2-2: Foul Ball, location: 2F 2-2: Foul Ball, location: 2F 2-2: Ground out 5-3 (Groundball, 56S)
|
Bottom of the 2nd over - 1 run(s), 2 hit(s), 0 error(s), 2 left on base; Key West 2 - Memphis 1 |
TOP OF THE 3RD |
Key West Barracudas batting - Pitching for Memphis Blues : LHP Daniel Roberts
|
Batting: SHB Luis Manuel López
|
0-0: Ball 1-0: Foul Ball, location: 2F 1-1: Called Strike 1-2: Strikes out looking
|
Batting: SHB Héctor Jiménez
|
0-0: Ball 1-0: Called Strike 1-1: Called Strike 1-2: Ground out 5-3 (Groundball, 5S)
|
Batting: RHB Frederick Chamberlain
|
0-0: Ground out U3 (Groundball, 34S)
|
Top of the 3rd over - 0 run(s), 0 hit(s), 0 error(s), 0 left on base; Key West 2 - Memphis 1 |
BOTTOM OF THE 3RD |
Memphis Blues batting - Pitching for Key West Barracudas : RHP Kade Coleman
|
Batting: LHB Pedro Ramos
|
0-0: Swinging Strike 0-1: Foul Ball, location: 2F 0-2: Strikes out looking
|
Batting: RHB Lorenzo Mota
|
0-0: Ball 1-0: Ground out 5-3 (Groundball, 56)
|
Batting: SHB Terry Dailey
|
0-0: Ball 1-0: Ground out U3 (Groundball, 3)
|
Bottom of the 3rd over - 0 run(s), 0 hit(s), 0 error(s), 0 left on base; Key West 2 - Memphis 1 |
TOP OF THE 4TH |
Key West Barracudas batting - Pitching for Memphis Blues : LHP Daniel Roberts
|
Batting: SHB Héctor Padilla
|
0-0: Called Strike 0-1: Ball 1-1: Fly out, F7 (Flyball, 78M)
|
Batting: RHB Ramón Díaz
|
0-0: Ball 1-0: Called Strike 1-1: Ball 2-1: Fly out, F8 (Flyball, 8RXD)
|
Batting: SHB Jacob Knapp
|
0-0: Ground out 5-3 (Groundball, 56)
|
Top of the 4th over - 0 run(s), 0 hit(s), 0 error(s), 0 left on base; Key West 2 - Memphis 1 |
BOTTOM OF THE 4TH |
Memphis Blues batting - Pitching for Key West Barracudas : RHP Kade Coleman
|
Batting: RHB Peter Bishop
|
0-0: Foul Ball, location: 2F 0-1: Ball 1-1: Ball 2-1: SINGLE (Groundball, 4D)
|
Batting: RHB Jaime Spiridon
|
0-0: Fly out, F8 (Flyball, 89D)
|
Batting: RHB Chase Mueller
|
0-0: Ball 1-0: Ball 2-0: Swinging Strike 2-1: Called Strike 2-2: Strikes out swinging
|
Pitching: RHP Bob Schneider
|
|
Batting: RHB Roberto Gómez
|
0-0: Ball 1-0: Ball 2-0: Called Strike 2-1: Foul Ball, location: 2F 2-2: Ball 3-2: Foul Ball, location: 2F 3-2: Base on Balls Peter Bishop to second
|
Batting: RHB Emílio Bruno
|
0-0: Ball 1-0: Ball 2-0: Foul Ball, location: 2F 2-1: Ball 3-1: Foul Ball, location: 2F 3-2: Strikes out swinging
|
Bottom of the 4th over - 0 run(s), 1 hit(s), 0 error(s), 2 left on base; Key West 2 - Memphis 1 |
TOP OF THE 5TH |
Key West Barracudas batting - Pitching for Memphis Blues : LHP Daniel Roberts
|
Batting: RHB Anastasio Zartuche
|
0-0: Called Strike 0-1: Called Strike 0-2: Ball 1-2: Strikes out swinging
|
Batting: LHB Mauro Díaz
|
0-0: Ball 1-0: Called Strike 1-1: Foul Ball, location: 2F 1-2: SINGLE (Line Drive, 6MD)
|
Batting: RHB Júlio Cruz
|
0-0: Called Strike 0-1: Ball 1-1: Ball 2-1: Ball 3-1: Foul Ball, location: 2F 3-2: Foul Ball, location: 2F 3-2: Fielders Choice at 2nd, 1-6 (Groundball, 13)
|
Batting: SHB Luis Manuel López
|
0-0: Ball 1-0: Fly out, F9 (Flyball, 9)
|
Top of the 5th over - 0 run(s), 1 hit(s), 0 error(s), 1 left on base; Key West 2 - Memphis 1 |
BOTTOM OF THE 5TH |
Memphis Blues batting - Pitching for Key West Barracudas : RHP Bob Schneider
|
Batting: RHB David Crespo
|
0-0: Ball 1-0: Ball 2-0: Ball 3-0: Called Strike 3-1: Swinging Strike 3-2: Strikes out looking
|
Batting: LHB Pedro Ramos
|
0-0: Called Strike 0-1: Swinging Strike 0-2: Ball 1-2: Ball 2-2: Ball 3-2: Strikes out swinging
|
Batting: RHB Lorenzo Mota
|
0-0: Ball 1-0: Swinging Strike 1-1: Foul Ball, location: 2F 1-2: Foul Ball, location: 2F 1-2: Fly out, F8 (Flyball, 8RM)
|
Bottom of the 5th over - 0 run(s), 0 hit(s), 0 error(s), 0 left on base; Key West 2 - Memphis 1 |
TOP OF THE 6TH |
Key West Barracudas batting - Pitching for Memphis Blues : LHP Daniel Roberts
|
Batting: SHB Héctor Jiménez
|
0-0: Ball 1-0: Ball 2-0: Foul Ball, location: 2F 2-1: Ball 3-1: Swinging Strike 3-2: Ground out 4-3 (Groundball, 4)
|
Batting: RHB Frederick Chamberlain
|
0-0: Called Strike 0-1: Ball 1-1: Foul Ball, location: 2F 1-2: Foul Ball, location: 2F 1-2: Foul Ball, location: 2F 1-2: Foul Ball, location: 2F 1-2: Ball 2-2: SINGLE (Groundball, 6MD)
|
Batting: SHB Héctor Padilla
|
0-0: Foul Ball, location: 2F 0-1: Called Strike 0-2: Strikes out looking
|
Batting: RHB Ramón Díaz
|
0-0: Foul Ball, location: 2F 0-1: Fly out, F4 (Popup, 4)
|
Top of the 6th over - 0 run(s), 1 hit(s), 0 error(s), 1 left on base; Key West 2 - Memphis 1 |
BOTTOM OF THE 6TH |
Memphis Blues batting - Pitching for Key West Barracudas : RHP Bob Schneider
|
Pitching: RHP Gabe Lewis
|
|
Batting: SHB Terry Dailey
|
0-0: Called Strike 0-1: Swinging Strike 0-2: Foul Ball, location: 2F 0-2: Strikes out swinging
|
Batting: RHB Peter Bishop
|
0-0: Ball 1-0: Foul Ball, location: 2F 1-1: Swinging Strike 1-2: Strikes out looking
|
Batting: RHB Jaime Spiridon
|
0-0: Called Strike 0-1: Ball 1-1: Called Strike 1-2: Foul Ball, location: 2F 1-2: Strikes out swinging
|
Bottom of the 6th over - 0 run(s), 0 hit(s), 0 error(s), 0 left on base; Key West 2 - Memphis 1 |
TOP OF THE 7TH |
Key West Barracudas batting - Pitching for Memphis Blues : LHP Daniel Roberts
|
Batting: SHB Jacob Knapp
|
0-0: Called Strike 0-1: Called Strike 0-2: Ball 1-2: Foul Ball, location: 2F 1-2: Ball 2-2: Ball 3-2: Foul Ball, location: 2F 3-2: Fly out, F8 (Flyball, 8LM)
|
Batting: RHB Anastasio Zartuche
|
0-0: Ball 1-0: Ball 2-0: Ball 3-0: Called Strike 3-1: Called Strike 3-2: DOUBLE (Line Drive, 78M)
|
Batting: RHB Gary Duffy
|
0-0: Intentional Walk
|
Pitching: LHP António Dávila
|
|
Pinch Hitting: RHB Steve Gómez
|
0-0: Ball 1-0: Foul Ball, location: 2F 1-1: Ball 2-1: Fly out, F8 (Flyball, 8LM)
|
Pinch Hitting: RHB John Smith
|
0-0: Fly out, F9 (Flyball, 9S)
|
Top of the 7th over - 0 run(s), 1 hit(s), 0 error(s), 2 left on base; Key West 2 - Memphis 1 |
BOTTOM OF THE 7TH |
Memphis Blues batting - Pitching for Key West Barracudas : RHP Gabe Lewis
|
Now at 3B: John Smith
|
|
Now in CF: Víctor Acevedo
|
|
Batting: RHB Chase Mueller
|
0-0: Ground out 6-3 (Groundball, 6S)
|
Batting: RHB Roberto Gómez
|
0-0: Ball 1-0: Ball 2-0: Foul Ball, location: 2F 2-1: Swinging Strike 2-2: Ball 3-2: Base on Balls
|
Pinch Hitting: LHB Chris Austin
|
0-0: Foul Ball, location: 2F 0-1: Ball 1-1: Foul Ball, location: 2F 1-2: Hit by Pitch Roberto Gómez to second
|
Batting: RHB David Crespo
|
0-0: Swinging Strike 0-1: Foul Ball, location: 2F 0-2: Fly out, F2 (Popup, 3S)
|
Batting: LHB Pedro Ramos
|
0-0: SINGLE (Groundball, 4D) Roberto Gómez to third Chris Austin to second Runner from 3rd tries for Home, SAFE, no throw
|
Pinch Runner at 2nd Mark Folger:
|
|
Batting: RHB Lorenzo Mota
|
0-0: Foul Ball, location: 2F 0-1: Called Strike 0-2: Ground out 6-3 (Groundball, 56)
|
Bottom of the 7th over - 1 run(s), 1 hit(s), 0 error(s), 2 left on base; Key West 2 - Memphis 2 |
TOP OF THE 8TH |
Key West Barracudas batting - Pitching for Memphis Blues : LHP António Dávila
|
Now in LF: Mark Folger
|
|
Batting: SHB Héctor Jiménez
|
0-0: Ball 1-0: Foul Ball, location: 2F 1-1: Fly out, F7 (Flyball, 7)
|
Batting: RHB Frederick Chamberlain
|
0-0: Ball 1-0: Foul Ball, location: 2F 1-1: Ball 2-1: SINGLE (Flyball, 78S)
|
Batting: SHB Héctor Padilla
|
0-0: Ball 1-0: Ball 2-0: Foul Ball, location: 2F 2-1: Foul Ball, location: 2F 2-2: Strikes out swinging
|
Batting: RHB Ramón Díaz
|
0-0: Ball 1-0: Foul Ball, location: 2F 1-1: Ball 2-1: Ball 3-1: Base on Balls Frederick Chamberlain to second
|
Batting: SHB Jacob Knapp
|
0-0: Fly out, F9 (Flyball, 9LS)
|
Top of the 8th over - 0 run(s), 1 hit(s), 0 error(s), 2 left on base; Key West 2 - Memphis 2 |
BOTTOM OF THE 8TH |
Memphis Blues batting - Pitching for Key West Barracudas : RHP Gabe Lewis
|
Batting: SHB Terry Dailey
|
0-0: Ball 1-0: Ball 2-0: Ball 3-0: Base on Balls
|
Pitching: LHP Josh Chamberlain
|
|
Batting: RHB Peter Bishop
|
0-0: Ball 1-0: Called Strike 1-1: Ball 2-1: Foul Ball, location: 2F 2-2: Foul Ball, location: 2F 2-2: Ball 3-2: Strikes out looking
|
Batting: RHB Jaime Spiridon
|
0-0: Ball 1-0: Ball 2-0: Ball 3-0: Base on Balls Terry Dailey to second
|
Batting: RHB Chase Mueller
|
0-0: Called Strike 0-1: Ball 1-1: Bunted foul 1-2: Ground out 4-3 (Groundball, 4S) Terry Dailey to third Jaime Spiridon to second
|
Batting: RHB Roberto Gómez
|
0-0: Called Strike 0-1: Swinging Strike 0-2: Ball 1-2: Foul Ball, location: 2F 1-2: Ball 2-2: Ball 3-2: Base on Balls
|
Pinch Hitting: RHB Dave Wookey
|
0-0: Called Strike 0-1: Ball 1-1: Swinging Strike 1-2: Foul Ball, location: 2F 1-2: Strikes out swinging
|
Bottom of the 8th over - 0 run(s), 0 hit(s), 0 error(s), 3 left on base; Key West 2 - Memphis 2 |
TOP OF THE 9TH |
Key West Barracudas batting - Pitching for Memphis Blues : LHP António Dávila
|
Pitching: LHP Joe Barnes
|
|
Now in LF: Dave Wookey
|
|
Batting: RHB Anastasio Zartuche
|
0-0: Ball 1-0: Ground out 4-3 (Groundball, 4)
|
Batting: RHB Gary Duffy
|
0-0: Ball 1-0: Ball 2-0: Ball 3-0: Base on Balls
|
Pinch Hitting: SHB Dan Dunn
|
0-0: Ball 1-0: Fly out, F6 (Line Drive, 6)
|
Batting: RHB John Smith
|
0-0: Called Strike 0-1: Ball 1-1: Ball 2-1: Ball 3-1: Base on Balls Gary Duffy to second
|
Batting: SHB Héctor Jiménez
|
0-0: Foul Ball, location: 2F 0-1: SINGLE (Groundball, 6MD) Gary Duffy to third John Smith to second Runner from 3rd tries for Home, SAFE, no throw
|
Batting: RHB Frederick Chamberlain
|
0-0: Swinging Strike 0-1: Swinging Strike 0-2: Ball 1-2: Strikes out swinging
|
Top of the 9th over - 1 run(s), 1 hit(s), 0 error(s), 2 left on base; Key West 3 - Memphis 2 |
BOTTOM OF THE 9TH |
Memphis Blues batting - Pitching for Key West Barracudas : LHP Josh Chamberlain
|
Pitching: RHP Gerald Núñez
|
|
Now at 2B: Richard Sanders
|
|
Now in RF: Dan Dunn
|
|
Pinch Hitting: LHB Arturo Rivera
|
0-0: Foul Ball, location: 2F 0-1: Ball 1-1: Swinging Strike 1-2: Ball 2-2: Ground out 3-1 (Groundball, 34)
|
Batting: LHB Pedro Ramos
|
0-0: Called Strike 0-1: SINGLE (Groundball, 34) (infield hit)
|
Batting: RHB Lorenzo Mota
|
0-0: Ball 1-0: SINGLE (Groundball, 4D) Pedro Ramos to second Runner from 2nd tries for 3rd, SAFE, no throw
|
Batting: SHB Terry Dailey
|
0-0: Ball Passed Ball! Pedro Ramos scores Lorenzo Mota to second 1-0: Foul Ball, location: 2F 1-1: 2-RUN HOME RUN (Flyball, 9D), Distance : 400 ft
|
Tuesday, August 8th, 2017 - OOTP Baseball 17.12 Build 75
|
|